 Dungeon Crawl Stone Soup version 0.20.1-1-g8b1a95d (webtiles) character file.

109 Chiseanne the Skirmisher (level 4, -4/37 HPs)
             Began as a Demonspawn Wanderer on July 10, 2017.
             Killed from afar by an orc wizard (9 damage)
             ... with a puff of flame
             ... on level 4 of the Dungeon.
             The game lasted 00:11:48 (1655 turns).

Chiseanne the Skirmisher (Demonspawn Wanderer)      Turns: 1655, Time: 00:11:48

Health: -4/37      AC:  8    Str: 15    XL:     4   Next: 60%
Magic:  5/5        EV: 15    Int: 13    God:
Gold:   156        SH:  0    Dex: 16    Spells: 3/3 levels left

rFire    . . .     SeeInvis .   a - +0 mace
rCold    . . .     Gourm    .   (no shield)
rNeg     . . .     Faith    .   k - +3 ring mail
rPois    .         Spirit   .   (no helmet)
rElec    .         Reflect  .   (no cloak)
rCorr    .         Harm     .   (no gloves)
MR       .....                  (no boots)
Stlth    ++........             (no amulet)
Regen    0.2/turn               (no ring)
MPRegen  0.1/turn               (no ring)

@: agile, very slightly contaminated
A: powered by pain 1, rot immunity
a: no special abilities


You were on level 4 of the Dungeon.
You were not hungry.

You visited 1 branch of the dungeon, and saw 4 of its levels.

You collected 156 gold pieces.

Inventory:

Hand Weapons
 a - a +0 mace (weapon)
 w - a +0 shortbow
Missiles
 c - 45 arrows
 h - 79 stones (quivered)
 m - 4 needles of confusion
 q - 26 bolts
Armour
 k - a +3 ring mail (worn)
Jewellery
 b - an uncursed ring of fire
Wands
 g - a wand of flame (32/48)
Potions
 l - a potion of resistance
 t - a potion of mutation
Comestibles
 f - 2 bread rations
 i - 3 meat rations
 j - a chunk of flesh
 n - a royal jelly
 r - 3 fruits


   Skills:
 * Level 3.8 Fighting
 * Level 2.6 Bows
 * Level 3.1 Armour
 - Level 0.8 Dodging
 - Level 1.0 Stealth
 * Level 2.2 Evocations


You had 3 spell levels left.
You didn't know any spells.

Dungeon Overview and Level Annotations

Branches:
Dungeon (4/15)
 Temple: D:4-7

Altars:
Dithmenos


Innate Abilities, Weirdness & Mutations

You sometimes gain a little power by taking damage.
You are immune to rotting.


Message History

The orc wizard gestures wildly while chanting.
The orc wizard flickers and vanishes!
Deactivating autopickup; reactivate with Ctrl-A.
The centaur barely misses you.
The orc throws a tomahawk of returning.
The tomahawk of returning completely misses you.
The weapon returns to the orc!
Something hits you.
The centaur wields an uncursed shortbow.
The centaur shoots an arrow.
The arrow hits you!
* * * LOW HITPOINT WARNING * * *
You see here 2 arrows.
Okay, then.
Blink to where?
Press: ? - help, Dir - move target cursor You are very lightly contaminated with residual magic.
As you read the scroll of blinking, it crumbles to dust.
A leopard gecko, a worker ant, 3 orcs and a skeleton come into view.
The leopard gecko hisses angrily.
The orc shouts!
The orc wizard casts a spell at you. The puff of flame hits you!
You die...

.. ......... ........#
.#............ ........#
.#............
..l.....#..#.##'###.#...
........#(...ยง)c.)......
#.......#...###.###(#...
#.o.o.........w.........
#....>.........o........
.......@#...........#.w.
##.o...................o
..................!.#...
.Z.<................#...
.#....##.a..............
#..#[ ...............+
...... ....#..........#
...... ...##.. .......
.......


You could see a worm, a worker ant, 2 orc wizards, an orc, a leopard gecko and a
bullfrog skeleton.

Vanquished Creatures
  An orc wizard (D:4)
  3 adders
  An ooze (D:1)
  A leopard gecko (D:3)
  5 orcs
  A giant cockroach (D:1)
  6 goblins
  5 hobgoblins
  6 jackals (D:1)
  5 ball pythons
  5 bats
  3 frilled lizards (D:1)
  7 kobolds
  5 rats (D:1)
54 creatures vanquished.

Notes
Turn   | Place    | Note
-------+----------+-------------------------------------------
     0 | D:1      | Chiseanne the Demonspawn Wanderer began the quest for the Orb.
     0 | D:1      | Chiseanne set off with: a wand of flame (15/48), a +0 shortbow, 24 arrows, a scroll of teleportation, a +0 robe, a bread ration
     0 | D:1      | Reached XP level 1. HP: 18/18 MP: 1/1
    10 | D:1      | Noticed an electric eel
   143 | D:1      | Gained mutation: You are immune to rotting. [demonic ancestry]
   143 | D:1      | Reached XP level 2. HP: 24/24 MP: 2/2
   614 | D:1      | Reached XP level 3. HP: 25/29 MP: 4/4
   707 | D:2      | Found a shadowy altar of Dithmenos.
  1217 | D:2      | You fall through a shaft!
  1385 | D:3      | Gained mutation: You sometimes gain a little power by taking damage. [demonic ancestry]
  1385 | D:3      | Reached XP level 4. HP: 30/35 MP: 5/5
  1625 | D:4      | Noticed a centaur
  1655 | D:4      | Killed from afar by an orc wizard

Skill      XL: |  1  2  3 |
---------------+----------+-----
Bows           | 2 |  2.6
Armour         | 3 |  3.1
Evocations     | 2 |  2.2
Fighting       | |  3.8
Dodging        | |  0.8
Stealth        | |  1.0

Action                   |  1- 3 |  4- 6 || total
-------------------------+-------+-------++-------
Melee: Dagger            |    66 |       ||    66
       Mace              |    78 |    71 ||   149
 Fire: Shortbow          |    34 |       ||    34
  Use: Scroll            |     9 |     4 ||    13
       Potion            |       |     2 ||     2
  Eat: Chunk             |     2 |     1 ||     3
Armor: Robe              |     2 |       ||     2
       Ring mail         |   101 |    51 ||   152
       Leather armour    |     6 |       ||     6
Dodge: Dodged            |   136 |    76 ||   212
